AoeStats
← skeezerrr

Oasis

508080042Analyzed
4v4 RM · 13d ago on Sep 20, 2026· 41m 16s· 8 players
Game mode
Random Map
Map size
Large (8 player)
Population
200
Speed
Normal
Resources
Standard
Victory
Conquest
Starting age
Dark Age
Ending age
Imperial Age
RankedLock teamsTeams togetherTeam positionsShared explorationLock speedFull tech treeHidden civsTurbo modeCheats
Victory
Defeat
🇩🇪 Vietnamese · Germany
1268
+11
1253
+12
🇩🇪 Japanese · Germany
1133
+16
🇮🇹 Teutons · Italy
1074
+18
🇬🇧 Wu · United Kingdom
1205
-17
🇲🇽 Slavs · Mexico
1171
-15
🇲🇦 Celts · Morocco
1124
-13
🇬🇧 Vietnamese · United Kingdom
1095
-12
skeezerrr
6:38 Loom
10:55 Feudal Age
12:31 Wheelbarrow
11:43 Double-Bit Axe
19:03 Castle Age
17:14 Gold Mining
18:56 Fletching
20:27 Bow Saw
21:29 Elite Skirmisher
22:27 Horse Collar
25:35 Padded Archer Armor
26:50 Bodkin Arrow
27:28 Thumb Ring
31:23 Stone Mining
35:52 Imperial Age
36:18 Ballistics
36:49 Elite Rattan Archer
[ALWM]jinikoro
12:40 Feudal Age
14:00 Double-Bit Axe
20:05 Castle Age
21:09 Loom
31:26 Scale Mail Armor
31:37 Forging
Naco y Estúpido
8:07 Loom
10:20 Feudal Age
10:48 Double-Bit Axe
11:36 Man-at-Arms
16:57 Horse Collar
18:28 Fletching
21:13 Forging
21:03 Scale Mail Armor
24:12 Castle Age
22:36 Stone Mining
22:36 Gold Mining
24:21 Long Swordsman
25:03 Squires
26:53 Iron Casting
26:33 Chain Mail Armor
26:31 Pikeman
28:55 Chain Mail Armor
Husain Bolt
11:02 Feudal Age
9:20 Loom
11:29 Double-Bit Axe
18:15 Castle Age
19:38 Stone Mining
20:12 Horse Collar
22:10 Bow Saw
24:34 Fletching
27:09 Wheelbarrow
30:09 Gold Mining
33:42 Red Cliffs Tactics
36:17 Bodkin Arrow
36:24 Padded Archer Armor
36:36 Forging
36:28 Scale Mail Armor
36:17 Pikeman
Kochkässchnitzel
1:49 Loom
10:51 Feudal Age
12:37 Town Watch
12:56 Horse Collar
15:11 Man-at-Arms
21:42 Double-Bit Axe
21:48 Stone Mining
23:21 Gold Mining
25:31 Fletching
30:39 Castle Age
36:16 Castle Age
38:39 Scale Mail Armor
39:28 Heavy Plow
40:14 Bow Saw
41:12 Forging
40:51 Treadmill Crane
41:31 Ballistics
nichtadi
6:47 Loom
9:29 Feudal Age
10:03 Double-Bit Axe
12:21 Fletching
13:22 Horse Collar
22:00 Castle Age
22:04 Crossbowman
22:40 Bodkin Arrow
23:01 Thumb Ring
24:24 Padded Archer Armor
23:58 Elite Skirmisher
25:34 Bow Saw
28:18 Ballistics
31:26 Leather Archer Armor
36:11 Imperial Age
36:20 Imperial Skirmisher
37:14 Bracer
38:01 Wheelbarrow
39:46 Arbalester
40:49 Gold Mining
africacup
7:42 Loom
10:24 Feudal Age
15:58 Castle Age
14:07 Double-Bit Axe
14:23 Horse Collar
16:49 Bow Saw
17:36 Scale Barding Armor
19:34 Heavy Plow
20:40 Forging
22:09 Wheelbarrow
23:59 Gold Mining
29:56 Chain Barding Armor
30:44 Iron Casting
31:33 Hand Cart
32:23 Scale Mail Armor
32:59 Bloodlines
32:50 Stone Mining
33:46 Chain Mail Armor
33:05 Man-at-Arms
33:46 Squires
37:11 Imperial Age
37:46 Cavalier
39:01 Crop Rotation
39:36 Two-Man Saw
39:16 Plate Barding Armor
38:14 Pikeman
38:49 Capped Ram
40:42 Blast Furnace
Puschel der Waschbär
10:38 Feudal Age
15:33 Castle Age
13:51 Double-Bit Axe
17:33 Bow Saw
20:04 Wheelbarrow
19:31 Loom
29:22 Imperial Age
28:09 Scale Barding Armor
28:52 Forging
30:44 Chain Barding Armor
29:49 Cavalier
30:29 Husbandry
30:50 Hand Cart
30:20 Town Watch
31:23 Bloodlines
32:41 Plate Barding Armor
33:19 Iron Casting
32:26 Horse Collar
33:15 Paladin
35:40 Two-Man Saw
36:03 Chemistry
37:16 Fletching
Connection lost

Rejoining the realm…

Still unreachable

The connection could not be restored.

Session expired

The server has moved on; the page needs a fresh start.